 Dungeon Crawl Stone Soup version 0.31-a0-795-g5eb97db20b (webtiles) character file.

Game seed: 3238953218019500889

2069566 arthad the Slayer (level 26, 207/228 HPs)
             Began as a White Draconian Earth Elementalist on Sept 11, 2023.
             Was the Champion of Vehumet.
             Escaped with the Orb
             ... and 4 runes on Sept 18, 2023!
             The game lasted 07:22:03 (85488 turns).

arthad the Slayer (DrEE)                           Turns: 85488, Time: 07:22:04

Health: 207/228    AC: 25    Str: 17    XL:     26   Next: 97%
Magic:  32/43      EV: 20    Int: 26    God:    Vehumet [******]
Gold:   4544       SH: 10    Dex:  7    Spells: 6/58 levels left

rFire   + . .        k - +3 Elemental Staff {ele, rElec rF+ rC+ AC+3}
rCold   + + +        L - +3 buckler {reflect}
rNeg    . . .        (body armour unavailable)
rPois   +            (helmet restricted)
rElec   +            t - +2 cloak {rCorr}
rCorr   +            U - +2 pair of gloves {hurl}
SInv    +            V - +3 pair of mountain boots {steadfast, rC+}
Will    ++...        c - amulet "Aresh" {RegenMP Will+ Regen+}
Stlth   ++           E - +5 ring of evasion
HPRegen 1.38/turn    Z - ring of Veogucku {Int+6 SInv}
MPRegen 0.68/turn

%: random rage (3%), reflection
@: studying Short Blades
A: breathe frost, AC +12, unfitting armour, cold resistance 1, cold-blooded,
claws 1, berserk 1, clumsy 2, dopey 2, frail 1, poison resistance, screaming 1,
strong 1, subdued magic 1, inability to drink after injury 1, inability to read
after injury 1
0: Orb of Zot
}: 4/15 runes: serpentine, barnacled, slimy, silver
a: Breathe Frost, Renounce Religion


You escaped.
You worshipped Vehumet.
Vehumet was exalted by your worship.
You visited 11 branches of the dungeon, and saw 53 of its levels.
You visited the Abyss 2 times.
You visited 2 bazaars.
You also visited: Bailey and Gauntlet.

You collected 8954 gold pieces.
You spent 4410 gold pieces at shops.

Inventory:

Hand Weapons
 k - the +3 Elemental Staff (weapon) {ele, rElec rF+ rC+ AC+3}
   (You acquired it in a bazaar)

   AC+3:      It affects your AC (+3).
   rF+:       It protects you from fire.
   rC+:       It protects you from cold.
   rElec:     It insulates you from electricity.
 B - the +10 lajatang of Turmoil {freeze, Fly rElec rPois}
   (You found it on level 1 of the Vaults)

   rElec:     It insulates you from electricity.
   rPois:     It protects you from poison Fly: It grants you flight.
 D - the +12 glaive of Prune {freeze, Prune}
   (You found it on level 5 of the Pits of Slime)

   Prune:     It halves damage taken while paralysed, petrified or unconscious.
 S - the +8 storm bow {elec, penet}
   (You found it on level 5 of the Pits of Slime)
Missiles
 y - 9 atropa-tipped darts
 z - 19 throwing nets
 M - 8 javelins
 N - 19 silver javelins
 T - 4 curare-tipped darts
Armour
 e - a +0 tower shield of reflection
 t - a +2 cloak of preservation (worn)
 G - a scarf of resistance
 L - a +3 buckler of reflection (worn)
 U - a +2 pair of gloves of hurling (worn)
 V - the +3 pair of mountain boots (worn) {steadfast, rC+}
   (You bought it in a shop on level 2 of the Orcish Mines)

   Steadfast: It prevents involuntary movement, except for blinking,
   teleportation, or banishment.
   rC+:       It protects you from cold.
Magical Staves
 u - the staff "Ifoif" {*Corrode rPois rC+ Stlth+ Ice}
   (You found it on level 3 of the Depths)

   [staff of cold]

   Base accuracy: +5 Base damage: 5 Base attack delay: 1.2 This weapon's minimum
   attack delay (0.6) is reached at skill level 12.
   rC+:       It protects you from cold.
   rPois:     It protects you from poison *Corrode: It may corrode you when you
   take damage.
   Stlth+:    It makes you more stealthy.
   Ice:       It increases the power of your Ice spells.
   It falls into the 'Staves' category.
   It is a one-handed weapon.
 C - the staff "Orb Guardian's Curse" {Will+ Str+6 Earth}
   (You found it on level 4 of the Shoals)

   [staff of earth]

   Base accuracy: +5 Base damage: 5 Base attack delay: 1.2 This weapon's minimum
   attack delay (0.6) is reached at skill level 12.
   Str+6:     It affects your strength (+6).
   Will+:     It increases your willpower.
   Earth:     It increases the power of your Earth spells.
   It falls into the 'Staves' category.
   It is a one-handed weapon.
 W - the staff "Zauhoopn" {rElec rN++ Dex+3 Air}
   (You found it on level 5 of the Vaults)

   [staff of air]

   Base accuracy: +5 Base damage: 5 Base attack delay: 1.2 This weapon's minimum
   attack delay (0.6) is reached at skill level 12.
   Dex+3:     It affects your dexterity (+3).
   rElec:     It insulates you from electricity.
   rN++:      It greatly protects you from negative energy.
   Air:       It increases the power of your Air spells.
   It falls into the 'Staves' category.
   It is a one-handed weapon.
Jewellery
 c - the amulet "Aresh" (around neck) {RegenMP Will+ Regen+}
   (You took it off a merfolk on level 4 of the Shoals)

   [amulet of magic regeneration]

   RegenMP:   It increases your rate of magic regeneration.
   Will+:     It increases your willpower.
   Regen+:    It increases your rate of health regeneration.
 E - a +5 ring of evasion (left hand)
 H - the ring "Dyst" {*Corrode EV+5 Str+5 Slay+6}
   (You found it on level 3 of the Elven Halls)

   [ring of evasion]

   EV+5:      It affects your evasion (+5).
   Str+5:     It affects your strength (+5).
   Slay+6:    It affects your accuracy & damage with ranged weapons and melee
   (+6).
   *Corrode:  It may corrode you when you take damage.
 Z - the ring of Veogucku (right hand) {Int+6 SInv}
   (You found it in a Gauntlet)

   [ring of intelligence]

   Int+6:     It affects your intelligence (+6).
   SInv:      It lets you see invisible.
Wands
 m - a wand of flame (72)
 o - a wand of digging (11)
 s - a wand of mindburst (22)
 v - a wand of iceblast (24)
 x - a wand of polymorph (20)
 O - a wand of acid (17)
Scrolls
 f - 11 scrolls of teleportation
 g - 6 scrolls of fear
 l - 6 scrolls of poison
 n - 9 scrolls of blinking
 p - 8 scrolls of immolation
 w - 5 scrolls of fog
 A - 2 scrolls of summoning
 I - 7 scrolls of amnesia
 J - 6 scrolls of enchant armour
 K - a scroll of silence
 R - 2 scrolls of revelation
Potions
 a - 3 potions of magic
 b - 9 potions of cancellation
 d - 19 potions of curing
 h - 5 potions of heal wounds
 i - 3 potions of invisibility
 j - 6 potions of resistance
 q - 6 potions of ambrosia
 r - 9 potions of brilliance
 F - 7 potions of mutation
 P - 8 potions of haste
 Q - 6 potions of might
 X - 5 potions of enlightenment
Miscellaneous
 Y - a phantom mirror


   Skills:
 * Level 23.8 Fighting
 + Level 10.7 Staves
 + Level 16.1 Dodging
 - Level 10.7 Stealth
 + Level 15.6 Shields
 + Level 16.9 Spellcasting
 + Level 17.2 Conjurations
 - Level 6.2 Hexes
 - Level 7.0 Translocations
 - Level 12.6 Transmutations
 + Level 19.2 Ice Magic
 - Level 1.8 Air Magic
 + Level 18.1 Earth Magic
 - Level 1.8 Poison Magic
 - Level 8.1 Evocations


You had 6 spell levels left.
You knew the following spells:

 Your Spells              Type           Power      Damage    Failure   Level
a - Sandblast             Erth           100%       2d20      0%          1
b - Ozocubu's Refrigerat  Ice            48%        4d18      1%          7
c - Stone Arrow           Conj/Erth      100%       3d13      0%          3
d - Leda's Unmaking       Conj/Erth      46%        9d8       1%          6
e - Mephitic Cloud        Conj/Pois/Air  61%        N/A       1%          3
f - Ignite Poison         Fire/Tmut/Pois 52%        N/A       1%          3
g - Blink                 Tloc           88%        N/A       1%          2
h - Lee's Rapid Deconstr  Erth           46%        3d22*     0%          5
i - Yara's Violent Unrav  Hex/Tmut       26%        3d11      1%          5
j - Lehudib's Crystal Sp  Conj/Erth      46%        10d11     2%          8
k - Shatter               Erth           46%        3d36*     32%         9

Your spell library contained the following spells:

 Spells                   Type           Power      Damage    Failure   Level
 Chain Lightning          Conj/Air       35%        3d46      100%        9
 Magic Dart               Conj           100%       1d8       0%          1
 Shock                    Conj/Air       100%       1d9       0%          1
 Ensorcelled Hibernation  Hex/Ice        100%       N/A       0%          2
 Momentum Strike          Conj/Tloc      100%       3d10      0%          2
 Passwall                 Tmut/Erth      72%        N/A       0%          2
 Searing Ray              Conj           100%       2d8       0%          2
 Hailstorm                Conj/Ice       94%        3d19      0%          3
 Brom's Barrelling Bould  Conj/Erth      92%        2d10      0%          4
 Foxfire                  Conj/Fire      100%       2x1d9     1%          1
 Kiss of Death            Conj/Necr      100%       2d13      1%          1
 Necrotise                Necr           64%        1d7       1%          1
 Slow                     Hex            100%       N/A       1%          1
 Sting                    Tmut/Pois      100%       1d8       1%          1
 Summon Small Mammal      Summ           64%        N/A       1%          1
 Cigotuvi's Dreadful Rot  Necr/Pois/Air  64%        N/A       1%          2
 Jinxbite                 Hex            82%        N/A       1%          2
 Lesser Beckoning         Tloc           88%        N/A       1%          2
 Poisonous Vapours        Pois/Air       72%        N/A       1%          2
 Confusing Touch          Hex            41%        N/A       1%          3
 Dazzling Flash           Conj/Hex       100%       N/A       1%          3
 Gell's Gravitas          Tloc           44%        N/A       1%          3
 Inner Flame              Hex/Fire       43%        N/A       1%          3
 Sigil of Binding         Hex            41%        N/A       1%          3
 Summon Guardian Golem    Hex/Summ       29%        N/A       1%          3
 Teleport Other           Tloc           44%        N/A       1%          3
 Tukima's Dance           Hex            41%        N/A       1%          3
 Volatile Blastmotes      Fire/Tloc      92%        2d17      1%          3
 Cause Fear               Hex            20%        N/A       1%          4
 Dimensional Bullseye     Hex/Tloc       21%        N/A       1%          4
 Flame Wave               Conj/Fire      67%        2d15      1%          4
 Fulminant Prism          Conj/Hex       29%        3d14      1%          4
 Iskenderun's Mystic Bla  Conj/Tloc      60%        2d13      1%          4
 Leda's Liquefaction      Hex/Erth       39%        N/A       1%          4
 Manifold Assault         Tloc           44%        N/A       1%          4
 Passage of Golubria      Tloc           44%        N/A       1%          4
 Petrify                  Tmut/Erth      87%        N/A       1%          4
 Sticky Flame             Conj/Fire      67%        2d8       1%          4
 Summon Ice Beast         Ice/Summ       70%        N/A       1%          4
 Arcjolt                  Conj/Air       35%        1d45      1%          5
 Fireball                 Conj/Fire      33%        3d14      1%          5
 Freezing Cloud           Conj/Ice/Air   50%        6-21      1%          5
 Irradiate                Conj/Tmut      33%        3d22      1%          5
 Metabolic Englaciation   Hex/Ice        40%        N/A       1%          5
 Conjure Ball Lightning   Conj/Air       35%        3x3d11    1%          6
 Sublimation of Blood     Necr           16%        N/A       2%          2
 Swiftness                Air            36%        N/A       2%          3
 Airstrike                Air            18%        2d(3-19)  2%          4
 Olgreb's Toxic Radiance  Pois           24%        N/A       2%          4
 Alistair's Intoxication  Tmut/Pois      30%        N/A       2%          5
 Starburst                Conj/Fire      33%        6d10      2%          6
 Vhi's Electric Charge    Tloc/Air       100%       N/A       3%          4
 Eringya's Noxious Bog    Tmut/Pois      22%        4d6       4%          6
 Anguish                  Hex/Necr       14%        N/A       5%          4
 Call Canine Familiar     Summ           16%        N/A       6%          3
 Vampiric Draining        Necr           16%        2d7       6%          3
 Silence                  Hex/Air        24%        N/A       12%         5
 Summon Forest            Summ/Tloc      15%        N/A       14%         5
 Summon Mana Viper        Hex/Summ       29%        N/A       17%         5
 Dispersal                Tloc           22%        N/A       19%         6
 Dispel Undead            Necr           16%        3d10      22%         4
 Plasma Beam              Fire/Air       23%        2x1d35    50%         6
 Agony                    Necr           16%        N/A       52%         5
 Death Channel            Necr           8%         N/A       98%         6
 Summon Cactus Giant      Summ           8%         N/A       98%         6
 Orb of Destruction       Conj           36%        9d11      1%          7
 Spellforged Servitor     Conj/Summ      25%        N/A       14%         7
 Polar Vortex             Ice            48%        12d6*     21%         9
 Enfeeble                 Hex            20%        N/A       83%         7
 Monstrous Menagerie      Summ           8%         N/A       100%        7
 Summon Hydra             Summ           8%         N/A       100%        7
 Discord                  Hex            20%        N/A       100%        8
 Disjunction              Tloc           22%        N/A       100%        8
 Ignition                 Fire           12%        3d6       100%        8
 Maxwell's Capacitive Co  Air            18%        ∞         100%        8
 Dragon's Call            Summ           8%         N/A       100%        9
 Fire Storm               Conj/Fire      33%        8d9       100%        9


Dungeon Overview and Level Annotations

Branches:
Dungeon (15/15)            Temple (1/1) D:6            Lair (5/5) D:9
 Shoals (4/4) Lair:3        Snake (4/4) Lair:3        Slime (5/5) Lair:4
    Orc (2/2) D:11            Elf (3/3) Orc:2        Vaults (5/5) D:14
  Crypt (0/3) Vaults:2     Depths (4/4) D:15            Zot (5/5) Depths:4
 Bailey (visited)         Gauntlet (visited)

Altars:
Ashenzari
Cheibriados
Dithmenos
Elyvilon
Fedhas
Gozag
Hepliaklqana
Kikubaaqudgha
Makhleb
Nemelex Xobeh
Okawaru
Qazlal
Ru
Sif Muna
Trog
Uskayaw
Vehumet
Wu Jian
Xom
Yredelemnul
Zin
The Shining One
Jiyva

Shops:
D:8 ?   D:11 ?(*:   Orc:2 ![[*   Elf:1 =   Elf:2 (   Elf:3 !   Shoals:1 (
Snake:2 !   Snake:3 :   Vaults:2 :   Vaults:3 :   Depths:3 (   Depths:4 ::=

Portals:
Hell: Depths:1 Depths:2 Depths:3 Depths:4
Abyss: D:3 Depths:3
Pandemonium: Depths:2 Depths:3 Depths:4
Ziggurat: Depths:2


Innate Abilities, Weirdness & Mutations

You can breathe waves of freezing cold which knock back foes.
Your icy white scales are hard. (AC +12)
You cannot fit into any form of body armour.
Your flesh is cold resistant. (rC+)
You are cold-blooded and may be slowed by cold attacks.
You have sharp fingernails.
You sometimes lose your temper in combat.
You are very clumsy. (Dex -4)
You are very dopey. (Int -4)
You are frail. (-10% HP)
Your system is resistant to poisons. (rPois)
You occasionally shout uncontrollably at your foes.
Your muscles are strong. (Str +4, Int/Dex -1)
Your spells are a little easier to cast, but a little less powerful.
You occasionally lose the ability to drink potions when taking damage.
You occasionally lose the ability to read scrolls when taking damage.


Message History

Press: ? - help, Shift-Dir - straight line, f - reaper
Aim: a reaper, wielding a +3 scythe of flaming (78% to hit)
You feel a surge of power!
The entropic shot hits the reaper!!
The reaper is moderately wounded.
Casting: Leda's Unmaking (safe; 1% risk of failure)
Confirm with . or Enter, or press ? or * to list all spells.
Aiming: Leda's Unmaking (safe; 1% risk of failure)
Press: ? - help, Shift-Dir - straight line, f/p - reaper
Aim: a reaper, wielding a +3 scythe of flaming (moderately wounded, 78% to hit)
You feel a surge of power!
The entropic shot misses the reaper.
Casting: Leda's Unmaking (safe; 1% risk of failure)
Confirm with . or Enter, or press ? or * to list all spells.
Aiming: Leda's Unmaking (safe; 1% risk of failure)
Press: ? - help, Shift-Dir - straight line, f/p - reaper
Aim: a reaper, wielding a +3 scythe of flaming (moderately wounded, 78% to hit)
You feel a surge of power!
The entropic shot misses the reaper.
The reaper hits you from afar with a +3 scythe of flaming!!
The reaper burns you.
Casting: Leda's Unmaking (safe; 1% risk of failure)
Confirm with . or Enter, or press ? or * to list all spells.
Aiming: Leda's Unmaking (safe; 1% risk of failure)
Press: ? - help, Shift-Dir - straight line, f/p - reaper
Aim: a reaper, wielding a +3 scythe of flaming (moderately wounded, 78% to hit)
You feel a surge of power!
The entropic shot hits the reaper!!
The reaper is severely wounded.
The reaper hits you from afar with a +3 scythe of flaming!!
The reaper burns you.
Casting: Leda's Unmaking (safe; 1% risk of failure)
Confirm with . or Enter, or press ? or * to list all spells.
Aiming: Leda's Unmaking (safe; 1% risk of failure)
Press: ? - help, Shift-Dir - straight line, f/p - reaper
Aim: a reaper, wielding a +3 scythe of flaming (severely wounded, 78% to hit)
You feel a surge of power!
The entropic shot hits the reaper!!!
The reaper dissolves into mud!
You kill the reaper!
Vehumet accepts your kill.
There is some mud, summoned here.
You see here a +0 club.
There is a staircase leading out of the dungeon here.
You have escaped!

#....)......###.~≈~≈#
#...............~~~≈#
#........)...[..~~~≈#
###...............~≈#
#.....8.......~.~≈#
##......8....~~.~≈#
#...........~~~≈≈#
#..8.......~~.~~≈#
##.......@~~~.~≈≈#
#.......~..~≈≈≈≈#
##.........~~~≈≈≈
#8....~~~~~~~≈≈≈≈
#.~~~~.~.~~≈≈≈≈≈≈
#≈.~.~..≈~≈≈≈≈≈≈≈
#≈~~~≈~~≈≈≈≈≈≈≈≈≈
#≈≈≈≈≈≈≈≈≈≈≈≈≈≈≈≈
##########


There were no monsters in sight!

Vanquished Creatures
  Dissolution (Slime:3)
  the Royal Jelly (Slime:5)
  4 dread liches
  2 ancient liches (Zot:5)
  8 orbs of fire
  Josephina (Depths:2)
  Vv (Zot:1)
  3 Killer Klowns
  2 curse toes (Zot:2)
  3 caustic shrikes
  A golden dragon (shapeshifter) (Vaults:5)
  12 golden dragons
  Nikola (Depths:2)
  A bone dragon (Depths:4)
  A Brimstone Fiend (Depths:4)
  3 doom hounds (Zot:1)
  4 electric golems
  13 tentacled monstrosities
  A walking crystal tome (Depths:4)
  Mlioglotl (Shoals:2)
  A walking frostbound tome (Depths:3)
  A Hell Sentinel (Zot:1)
  3 liches
  27 Orb Guardians
  2 deep elf blademasters (Elf:3)
  Grunn (Zot:1)
  10 quicksilver dragons
  4 deep elf master archers (Elf:3)
  10 sphinxes
  23 acid blobs
  3 titans (Vaults:5)
  7 death cobs
  Polyphemus (Shoals:4)
  A tentacled starspawn (Abyss:3)
  Kirke (Snake:4)
  A kraken (Shoals:1)
  5 tengu reavers (Vaults:5)
  A revenant (Vaults:2)
  Roxanne (Snake:4)
  4 draconian monks
  9 shadow dragons
  9 azure jellies
  Donald (Snake:4)
  Aizul (Lair:3)
  4 nagarajas
  10 storm dragons
  7 frost giants
  An iron dragon (Depths:3)
  6 draconian scorchers
  4 draconian knights
  7 fire giants
  4 deep elf sorcerers
  15 vault wardens
  13 rockslimes
  2 deep elf elementalists (Elf:3)
  Louise (D:15)
  2 balrugs
  An angel (Shoals:4)
  9 draconian stormcallers
  4 ghost moths
  A spriggan defender (Depths:3)
  A reaper (D:1)
  8 draconian annihilators
  4 draconian shifters
  7 formless jellyfish
  13 ironbound preservers
  2 war gargoyles
  An orc warlord (Orc:2)
  20 stone giants
  12 ironbound thunderhulks
  25 very ugly things
  8 quicksilver oozes
  7 deep elf demonologists
  3 putrid mouths (Zot:1)
  16 green draconians
  12 black draconians
  The ghost of Sundig the Blocker, a journeyman GnFi of Qazlal (D:12)
  17 red draconians
  Azrael (D:14)
  The ghost of Rayk the Spry, a journeyman FeSh of Gozag (Snake:3)
  2 vampire knights
  21 dire elephants
  10 white draconians
  8 deep elf annihilators
  5 spark wasps (Depths:1)
  14 purple draconians
  A minotaur (Gauntlet)
  A bunyip (shapeshifter) (Depths:3)
  14 yellow draconians
  6 deep elf death magi
  10 ettins
  An entropy weaver (Vaults:5)
  7 fire dragons
  4 merfolk javelineers (Shoals:4)
  14 merfolk impalers
  2 ice dragons
  19 great orbs of eyes
  7 deep elf high priests
  14 yaktaur captains
  4 salamander tyrants
  5 hydras
  8 anacondas
  15 ironbound frosthearts
  A rakshasa (Depths:1)
  38 vault guards
  The ghost of Ehotes the Geomancer, a journeyman OpSh of Cheibriados (Lair:1)
  Harold (Lair:2)
  A caustic shrike simulacrum (Depths:2)
  A juggernaut simulacrum (Depths:2)
  2 spriggan air magi (Depths:1)
  A satyr (Shoals:2)
  A merfolk avatar (Shoals:4)
  A radroach (shapeshifter) (Vaults:5)
  3 boulder beetles
  7 merfolk aquamancers
  9 two-headed ogres
  A catoblepas (Shoals:4)
  21 centaur warriors
  3 tengu warriors
  An alligator snapping turtle (Shoals:3)
  13 naga warriors
  8 deep troll earth magi
  10 deep troll shamans
  9 shock serpents
  6 death yaks
  A titan zombie (Vaults:3)
  32 dancing weapons
  4 spriggan berserkers
  A holy swine (Shoals:3)
  9 naga sharpshooters
  6 hell hogs
  The ghost of arthad the Sneak, a novice OpSh of Gozag (D:10)
  5 hell knights
  3 orc high priests
  A thrashing horror (Abyss:3)
  3 wretched stars (Abyss:3)
  A titan skeleton (Vaults:3)
  22 deep elf knights
  9 iron trolls
  2 salamander mystics
  4 skysharks
  5 cherubim (Shoals:4)
  A glowing orange brain (shapeshifter) (Vaults:3)
  A swamp dragon (Abyss:3)
  A shadow demon (Depths:1)
  2 flayed ghosts (Depths:3)
  47 deep trolls
  4 glowing orange brains (Depths:3)
  14 sea snakes
  10 deep elf archers
  A steelbarb worm (Abyss:3)
  9 naga ritualists
  8 lindwurms
  8 wizards
  3 phantasmal warriors (Vaults:5)
  A swamp dragon (shapeshifter) (Vaults:5)
  21 deep elf zephyrmancers
  12 harpies
  9 necromancers
  28 deep elf pyromancers
  18 ironbound convokers
  11 orc knights
  An oklob plant (Lair:3)
  A sphinx simulacrum (Depths:2)
  47 ugly things
  7 orc sorcerers
  13 fauns
  27 moths of wrath
  4 shining eyes
  11 mana vipers
  9 cyclopes
  13 salamanders
  19 manticores
  A human zombie (Vaults:2)
  A water nymph (shapeshifter) (Vaults:5)
  A rust devil (D:4)
  2 human skeletons (Vaults:2)
  31 black mambas
  3 guardian serpents (Snake:4)
  Joseph (Lair:1)
  3 molten gargoyles (Lair:5)
  An ice statue (Gauntlet)
  5 merfolk sirens
  30 vault sentinels
  14 naga magi
  12 elephants
  2 eyes of devastation
  4 water nymphs
  2 smoke demons (Depths:2)
  3 gargoyles
  A hellion (Depths:4)
  A cane toad (shapeshifter) (Vaults:5)
  13 cane toads
  An orange demon (Depths:3)
  5 rime drakes
  3 unseen horrors
  17 yaktaurs
  2 ice devils
  3 freezing wraiths
  9 komodo dragons
  4 tengu conjurers
  An ancient zyme (Abyss:3)
  A red devil (Depths:4)
  7 trolls
  5 hellwings
  37 merfolk
  4 meliai
  2 queen bees
  2 elf skeletons (Vaults:2)
  2 hornets (Depths:3)
  3 polar bears
  10 saltlings (Orc:2)
  A tengu simulacrum (Vaults:3)
  8 wind drakes
  A polar bear (shapeshifter) (Elf:2)
  Grinder (D:5)
  A raiju (Abyss:3)
  A frost giant simulacrum (Depths:2)
  4 snapping turtles
  9 blink frogs
  10 dream sheep
  A shadow (D:11)
  3 air elementals
  Sigmund (D:5)
  2 ettin skeletons (Vaults:3)
  92 slime creatures
  2 spriggans (Depths:3)
  2 large abominations (Gauntlet)
  2 wraiths
  17 water elementals
  8 wyverns
  5 hogs (Snake:4)
  32 yaks
  2 ynoxinuls
  The ghost of Sundig the Trooper, an amateur DgFi (D:3)
  6 steam dragons
  8 basilisks
  8 fire elementals
  4 humans (D:14)
  Eustachio (D:5)
  15 golden eyes
  2 neqoxecs
  7 vampire mosquitoes
  2 chaos spawn
  8 wargs
  32 nagas
  An acid dragon (shapeshifter) (Vaults:5)
  Edmund (D:5)
  3 acid dragons (D:12)
  7 hell hounds
  16 water moccasins
  3 floating eyes
  6 small abominations
  A black bear (shapeshifter) (Elf:2)
  A sky beast (Abyss:3)
  23 orc warriors
  2 black bears
  3 ettin simulacra (Depths:2)
  8 ogres
  13 wolves
  4 centaurs
  2 boggarts
  8 starcursed masses (Abyss:3)
  A phantom (D:5)
  3 kobold brigands
  Blork the orc (D:5)
  5 gnoll sergeants
  10 bullfrogs
  3 scorpions
  2 earth elementals
  A glowing shapeshifter simulacrum (Depths:2)
  8 wights
  30 killer bees
  8 howler monkeys
  3 electric eels
  3 quasits (Abyss:3)
  6 lava snakes
  14 orc priests
  Crazy Yiuf (D:3)
  4 jellies
  3 gnoll boudas
  3 iron imps (Gauntlet)
  7 hounds
  4 sleepcaps
  8 iguanas
  22 orc wizards
  4 hell rats (Lair:5)
  41 gnolls
  5 adders
  15 white imps
  2 ufetubi
  2 worms
  A dart slug (D:3)
  108 orcs
  2 endoplasms (D:1)
  6 giant cockroaches
  2 goblins
  4 hobgoblins
  11 jackals
  A quokka (D:4)
  3 ball pythons
  2 bats
  7 frilled lizards
  13 kobolds
  3 rats
  A lurking horror (Abyss:3)
  A starspawn tentacle (Abyss:3)
  3 tentacles (Shoals:1)
2279 creatures vanquished.

Vanquished Creatures (collateral kills)
  Asterion (Snake:1)
  A centaur warrior (D:13)
  A sixfirhy (D:15)
  A black mamba (Snake:1)
  A slime creature (D:13)
  A bullfrog (D:7)
6 creatures vanquished.

Vanquished Creatures (others)
  A ghost moth (Zot:3)
  An ironbound preserver (Vaults:2)
  3 deep trolls (Depths:2)
  A cyclops (D:15)
  A snapping turtle (Shoals:1)
  A slime creature (D:13)
  A human (Snake:4)
  A hell hound (Lair:5)
  A howler monkey (D:7)
  2 starspawn tentacles (Abyss:3)
  4 tentacles (Shoals:1)
17 creatures vanquished.

Grand Total: 2302 creatures vanquished

Notes
Turn   | Place    | Note
-------+----------+-------------------------------------------
     0 | D:1      | arthad the Draconian Earth Elementalist began the quest for
                  | the Orb.
     0 | D:1      | Reached XP level 1. HP: 14/14 MP: 3/3
   462 | D:1      | Reached XP level 2. HP: 18/20 MP: 0/5
  1394 | D:2      | Reached XP level 3. HP: 26/26 MP: 0/6
  1948 | D:2      | Reached XP level 4. HP: 31/33 MP: 1/7
  2191 | D:3      | Found a transporter.
  2224 | D:3      | Noticed a small abomination
  2374 | D:3      | Reached XP level 5. HP: 14/38 MP: 1/9
  2812 | D:3      | Noticed a small abomination
  2814 | D:3      | Found a transporter.
  2817 | D:3      | Noticed Sundig's ghost (amateur DgFi)
  2842 | D:3      | Found a one-way gate to the infinite horrors of the Abyss.
  2859 | D:3      | Found a burning altar of Makhleb.
  2990 | D:3      | Found a sacrificial altar of Ru.
  3061 | D:3      | Found a runed translucent door.
  3062 | D:3      | Noticed Crazy Yiuf
  3447 | D:3      | Killed Crazy Yiuf
  3924 | D:4      | Learned a level 2 spell: Passwall
  3928 | D:4      | Learned a level 3 spell: Stone Arrow
  4112 | D:5      | Entered Level 5 of the Dungeon
  4273 | D:5      | Noticed a phantom
  4278 | D:5      | Killed a phantom
  4279 | D:5      | Reached XP level 6. HP: 39/46 MP: 4/10
  4360 | D:5      | Reached skill level 1 in Fighting
  4360 | D:5      | Reached skill level 1 in Conjurations
  4401 | D:5      | Found an opulent altar of Gozag.
  4519 | D:5      | Noticed a water moccasin
  4524 | D:5      | Killed a water moccasin
  4635 | D:5      | Noticed Edmund
  4638 | D:5      | Noticed Sigmund
  4651 | D:5      | Your scales start taking on an icy white colour.
  4651 | D:5      | Reached XP level 7. HP: 19/53 MP: 5/12
  4651 | D:5      | Gained mutation: Your flesh is cold resistant. (rC+) [White
                  | Draconian growth]
  4909 | D:5      | Reached skill level 2 in Fighting
  5013 | D:5      | Reached skill level 1 in Ice Magic
  5267 | D:5      | Noticed Blork the orc
  5278 | D:5      | Killed Blork the orc
  5350 | D:5      | Noticed Eustachio
  5355 | D:5      | Killed Eustachio
  5356 | D:5      | Reached XP level 8. HP: 62/62 MP: 6/13
  5486 | D:5      | Found a blossoming altar of Fedhas.
  5534 | D:5      | Found an iron altar of Okawaru.
  5555 | D:5      | Killed Sigmund
  5654 | D:5      | Found a basalt altar of Yredelemnul.
  5656 | D:5      | Noticed a profane servitor
  5668 | D:5      | Found a glowing golden altar of the Shining One.
  5670 | D:5      | Noticed an angel
  5677 | D:5      | Noticed Grinder
  5685 | D:5      | Killed Grinder
  5686 | D:5      | Reached skill level 3 in Fighting
  6080 | D:6      | Reached skill level 5 in Earth Magic
  6480 | D:6      | Found a staircase to the Ecumenical Temple.
  6489 | Temple   | Entered the Ecumenical Temple
  6520 | Temple   | Became a worshipper of Vehumet
  6808 | D:6      | Reached XP level 9. HP: 67/71 MP: 7/15
  7186 | D:6      | Reached skill level 4 in Fighting
  7254 | D:6      | Reached skill level 5 in Stealth
  7547 | D:7      | Reached * piety under Vehumet
  7547 | D:7      | Offered knowledge of Kiss of Death by Vehumet.
  7953 | D:7      | Reached skill level 5 in Spellcasting
  7953 | D:7      | Reached skill level 5 in Transmutations
  7993 | D:8      | Found a flagged portal.
  8002 | Bailey   | Entered a bailey
  8101 | Bailey   | Reached skill level 5 in Dodging
  8223 | Bailey   | Offered knowledge of Poisonous Vapours by Vehumet.
  8224 | Bailey   | Reached ** piety under Vehumet
  8436 | D:8      | Reached skill level 6 in Fighting
  8436 | D:8      | Reached skill level 5 in Conjurations
  8436 | D:8      | Reached XP level 10. HP: 83/83 MP: 16/19
  8437 | D:8      | Reached skill level 7 in Fighting
  8437 | D:8      | Reached XP level 11. HP: 92/92 MP: 16/21
  8438 | D:8      | Reached XP level 12. HP: 101/101 MP: 16/22
  8444 | D:8      | Learned a level 4 spell: Petrify
  8550 | D:8      | Found Ismacwol's Magic Scroll Emporium.
  8628 | D:7      | Noticed a two-headed ogre
  8630 | D:7      | Noticed a centaur warrior
  8661 | D:8      | Killed a two-headed ogre
  8776 | D:7      | Noticed a two-headed ogre
  8781 | D:7      | Killed a centaur warrior
  8782 | D:7      | Reached skill level 8 in Fighting
  8785 | D:7      | Killed a two-headed ogre
  9311 | D:8      | Offered knowledge of Mephitic Cloud by Vehumet.
  9316 | D:8      | Learned a level 3 spell: Mephitic Cloud
  9604 | D:8      | Reached *** piety under Vehumet
  9610 | D:8      | Reached XP level 13. HP: 56/107 MP: 20/24
  9877 | D:8      | Got the Elucidation of Oxidation and the Snake
  9921 | D:8      | Identified the +3 battleaxe of Duty {pain, rF+ Will++
                  | Int+4}
  9966 | D:8      | Offered knowledge of Ignite Poison by Vehumet.
 10013 | D:8      | Found a shimmering altar of Xom.
 10018 | D:8      | Learned a level 3 spell: Ignite Poison
 10023 | D:8      | Found a hazy altar of Hepliaklqana.
 10025 | D:8      | Found a sparkling altar of Nemelex Xobeh.
 10025 | D:8      | Found a shimmering blue altar of Sif Muna.
 10393 | D:9      | Found a staircase to the Lair.
 10824 | D:9      | Noticed a fire dragon
 10836 | D:9      | Killed a fire dragon
 11020 | D:9      | Found a shadowy altar of Dithmenos.
 11153 | D:9      | Gained mutation: Potions are less effective at restoring
                  | your health. [potion of mutation]
 11231 | D:10     | Entered Level 10 of the Dungeon
 11354 | D:10     | Found a runed translucent door.
 11354 | D:10     | Noticed arthad's ghost (novice OpSh)
 11385 | D:10     | Killed arthad's ghost
 11398 | D:10     | Reached skill level 1 in Air Magic
 11398 | D:10     | Reached skill level 1 in Poison Magic
 11398 | D:10     | Reached XP level 14. HP: 107/116 MP: 23/26
 11546 | D:10     | Reached **** piety under Vehumet
 11681 | D:10     | Offered knowledge of Dazzling Flash by Vehumet.
 11795 | D:10     | Reached skill level 9 in Fighting
 12626 | D:11     | Found Acak's Assorted Antiques.
 12703 | D:11     | Found Jimimelu's Weapon Emporium.
 12705 | D:11     | Found Reev's Magic Scroll Shop.
 13271 | D:11     | Found a staircase to the Orcish Mines.
 13500 | D:11     | Found Qinicl Efimo's Book Shop.
 13529 | D:11     | Bought a book of Spatial Translocations for 234 gold pieces
 13532 | D:11     | Learned a level 2 spell: Blink
 14461 | D:12     | Found a runed translucent door.
 14465 | D:12     | Noticed Sundig's ghost (journeyman GnFi)
 15339 | D:12     | Killed Sundig's ghost
 16044 | D:13     | Reached ***** piety under Vehumet
 16868 | D:13     | Upgraded the game from 0.31-a0-716-gc7603755dd to
                  | 0.31-a0-765-g67fe2935dc
 16954 | D:13     | Offered knowledge of Lee's Rapid Deconstruction by Vehumet.
 16955 | D:13     | Reached skill level 10 in Ice Magic
 16970 | D:13     | Learned a level 5 spell: Lee's Rapid Deconstruction
 17827 | D:14     | Noticed an ironbound thunderhulk
 18201 | Lair:1   | Entered Level 1 of the Lair of Beasts
 18742 | Lair:1   | Reached XP level 15. HP: 126/126 MP: 15/27
 18966 | Lair:1   | Found a runed translucent door.
 18966 | Lair:1   | Noticed Ehotes's ghost (journeyman OpSh)
 19476 | Lair:1   | Noticed Joseph
 19520 | Lair:1   | Killed Joseph
 19893 | Lair:2   | Reached skill level 10 in Fighting
 20126 | Lair:2   | Noticed Harold
 20133 | Lair:2   | Killed Harold
 20898 | Lair:3   | Found a gate leading to a gauntlet.
 20936 | Gauntlet | Entered a Gauntlet
 20936 | Gauntlet | Found a transporter.
 20936 | Gauntlet | Found a transporter.
 21003 | Gauntlet | Found a transporter.
 21006 | Gauntlet | Found a transporter.
 21019 | Gauntlet | Found a transporter.
 21025 | Gauntlet | Found a transporter.
 21040 | Gauntlet | Found a transporter.
 21062 | Gauntlet | Found a transporter.
 21088 | Gauntlet | Found a transporter.
 21108 | Gauntlet | Found a transporter.
 21145 | Gauntlet | Found a transporter.
 21164 | Gauntlet | Found a transporter.
 21325 | Gauntlet | Identified the ring of Veogucku {Int+6 SInv}
 21391 | Gauntlet | Reached skill level 10 in Earth Magic
 21707 | Gauntlet | Reached skill level 10 in Stealth
 22495 | Lair:3   | Identified the staff of Corruption {rElec Will++ Int-3
                  | Dex+4 Air}
 22904 | Lair:3   | Found a staircase to the Shoals.
 22990 | Lair:3   | Found a staircase to the Snake Pit.
 23675 | Lair:4   | Found a viscous altar of Jiyva.
 23977 | Lair:4   | Offered knowledge of Iskenderun's Battlesphere by Vehumet.
 24655 | Lair:4   | Found a staircase to the Slime Pits.
 24699 | Lair:5   | Entered Level 5 of the Lair of Beasts
 25679 | Lair:5   | Reached skill level 10 in Transmutations
 26563 | Lair:5   | Found a large runed translucent door.
 27041 | Lair:5   | Found a large runed translucent door.
 27576 | Orc:1    | Entered Level 1 of the Orcish Mines
 27716 | Orc:1    | Reached skill level 10 in Conjurations
 28004 | Orc:2    | Entered Level 2 of the Orcish Mines
 28184 | Orc:2    | Found a runed translucent door.
 28695 | Orc:2    | Reached XP level 16. HP: 34/136 MP: 9/29
 29091 | Orc:2    | Found a staircase to the Elven Halls.
 29815 | Orc:2    | Upgraded the game from 0.31-a0-765-g67fe2935dc to
                  | 0.31-a0-771-g505c3d19dc
 30071 | Orc:1    | Reached skill level 11 in Fighting
 30212 | Orc:2    | Offered knowledge of Yara's Violent Unravelling by Vehumet.
 30219 | Orc:2    | Learned a level 5 spell: Yara's Violent Unravelling
 30561 | Orc:2    | Found Jokhef's Distillery.
 30665 | Orc:2    | Bought a potion of curing for 45 gold pieces
 30665 | Orc:2    | Bought a potion of curing for 45 gold pieces
 30665 | Orc:2    | Bought a potion of heal wounds for 75 gold pieces
 30665 | Orc:2    | Bought a potion of brilliance for 60 gold pieces
 30665 | Orc:2    | Bought a potion of might for 60 gold pieces
 30665 | Orc:2    | Bought a potion of might for 60 gold pieces
 30665 | Orc:2    | Bought a potion of brilliance for 60 gold pieces
 30724 | Orc:2    | Found Azel's Armour Shoppe.
 30726 | Orc:2    | Found Puyneaf's Armour Shoppe.
 30732 | Orc:2    | Bought the +3 pair of mountain boots {steadfast, rC+} for
                  | 435 gold pieces
 30732 | Orc:2    | Found the +3 pair of mountain boots {steadfast, rC+}
 30748 | Orc:2    | Bought a +2 buckler of reflection for 296 gold pieces
 30774 | Orc:2    | Found Gasm's Assorted Antiques.
 30780 | Orc:2    | Bought a golden potion for 26 gold pieces
 30780 | Orc:2    | Bought a scroll of blinking for 217 gold pieces
 30780 | Orc:2    | Bought a scroll of teleportation for 87 gold pieces
 31197 | Orc:2    | Reached skill level 10 in Dodging
 31326 | Orc:2    | Identified a scroll of acquirement
 31326 | Orc:2    | Acquired the Precepts of the Transformed Jinx
 31750 | D:14     | Reached skill level 1 in Shields
 31752 | D:14     | Reached skill level 10 in Spellcasting
 31907 | D:14     | Reached skill level 1 in Hexes
 32590 | D:14     | Found a gate to the Vaults.
 32754 | D:14     | Noticed Azrael
 32761 | D:14     | Killed Azrael
 33313 | D:15     | Entered Level 15 of the Dungeon
 33594 | D:15     | Offered knowledge of Fireball by Vehumet.
 33692 | D:15     | Found a basalt altar of Yredelemnul.
 34295 | D:15     | Found a staircase to the Depths.
 34422 | D:15     | Noticed Louise
 34432 | Abyss:3  | Cast into level 3 of the Abyss (Louise)
 34732 | Abyss:3  | Noticed a tentacled monstrosity
 34734 | Abyss:3  | Killed a tentacled monstrosity
 34834 | Abyss:3  | Noticed a tentacled starspawn
 34838 | Abyss:3  | Killed a tentacled starspawn
 34881 | Abyss:3  | Noticed a tentacled starspawn
 35197 | Abyss:3  | Found a corrupted altar of Lugonu.
 35198 | Abyss:3  | Noticed a tentacled starspawn
 35214 | D:15     | Escaped the Abyss
 35228 | D:15     | Killed Louise
 35945 | Shoals:1 | Entered Level 1 of the Shoals
 36279 | Shoals:1 | Reached XP level 17. HP: 145/145 MP: 24/31
 36288 | Shoals:1 | Learned a level 8 spell: Lehudib's Crystal Spear
 36523 | Shoals:1 | Found a transporter.
 36527 | Shoals:1 | Found Adwionu's Weapon Emporium.
 36536 | Shoals:1 | Found a transporter.
 36870 | Shoals:1 | Reached ****** piety under Vehumet
 36870 | Shoals:1 | Offered knowledge of Ozocubu's Refrigeration by Vehumet.
 36881 | Shoals:1 | Learned a level 7 spell: Ozocubu's Refrigeration
 37101 | Shoals:1 | Reached skill level 5 in Shields
 37410 | Shoals:1 | Noticed a kraken
 37420 | Shoals:1 | Killed a kraken
 37431 | Shoals:1 | Noticed a kraken
 37582 | Shoals:1 | Noticed a kraken
 39034 | Shoals:3 | Noticed Mlioglotl
 39053 | Shoals:2 | Paralysed by accursed screaming for 2 turns
 39054 | Shoals:2 | HP: 6/146 [soul eater[Mlioglotl] (17)]
 39055 | Shoals:2 | Gained mutation: You sometimes lose your temper in combat.
                  | [a shining eye]
 39369 | Snake:1  | Entered Level 1 of the Snake Pit
 39369 | Snake:1  | Noticed Aizul
 39691 | Lair:3   | Killed Aizul
 39703 | Lair:3   | Upgraded the game from 0.31-a0-771-g505c3d19dc to
                  | 0.31-a0-774-g0d66cbabe8
 39909 | Snake:1  | Noticed Asterion
 39916 | Snake:1  | Killed Asterion
 40074 | Snake:1  | Reached skill level 12 in Fighting
 40245 | Snake:1  | Identified the +6 chain mail "Ruckerif" {Drain rElec rF++
                  | Dex+2}
 40577 | Shoals:2 | Noticed a tentacled monstrosity
 40578 | Shoals:2 | Killed Mlioglotl
 40777 | Shoals:3 | Offered knowledge of Orb of Destruction by Vehumet.
 42182 | Shoals:4 | Entered Level 4 of the Shoals
 42970 | Shoals:4 | Noticed Polyphemus
 42990 | Shoals:4 | Killed Polyphemus
 43134 | Shoals:4 | Identified the +11 quarterstaff "Judoych" {vamp, rPois
                  | Will+}
 43142 | Shoals:3 | Reached XP level 18. HP: 155/155 MP: 7/33
 43146 | Shoals:3 | Lost mutation: Potions are less effective at restoring your
                  | health. [potion of mutation]
 43146 | Shoals:3 | Lost mutation: You sometimes lose your temper in combat.
                  | [potion of mutation]
 43146 | Shoals:3 | Gained mutation: You are dopey. (Int -2) [potion of
                  | mutation]
 43146 | Shoals:3 | Gained mutation: Your system is resistant to poisons.
                  | (rPois) [potion of mutation]
 43146 | Shoals:3 | Gained mutation: You have sharp fingernails. [potion of
                  | mutation]
 43146 | Shoals:3 | Gained mutation: Your muscles are strong. (Str +4, Int/Dex
                  | -1) [potion of mutation]
 43725 | Shoals:4 | Identified the amulet "Aresh" {RegenMP Will+ Regen+}
 44546 | Shoals:4 | Found a white marble altar of Elyvilon.
 44559 | Shoals:4 | Identified the staff "Orb Guardian's Curse" {Will+ Str+6
                  | Earth}
 44801 | Shoals:4 | Found a glowing silver altar of Zin.
 44828 | Shoals:4 | Got a barnacled rune of Zot
 45000 | Shoals:4 | Found a glowing golden altar of the Shining One.
 45005 | Shoals:4 | Offered knowledge of Spellforged Servitor by Vehumet.
 45015 | Shoals:4 | Reached skill level 5 in Hexes
 45432 | D:3      | Killed Sundig's ghost
 45620 | D:5      | Killed Edmund
 45760 | Lair:1   | Killed Ehotes's ghost
 45766 | Lair:1   | Identified the +1 robe of a bazaar {Str+2}
 45970 | Elf:1    | Entered Level 1 of the Elven Halls
 46278 | Elf:1    | Found Geitzip's Jewellery Boutique.
 47478 | Elf:2    | Found Mastrexzy's Weapon Emporium.
 47510 | Elf:2    | Identified the ring "Ohyke" {Fire Str+4}
 47610 | Elf:2    | Found a flickering gateway to a bazaar.
 47627 | Bazaar   | Entered a bazaar
 47628 | Bazaar   | Found Ponag's Jewellery Shoppe.
 47636 | Bazaar   | Found Souwoon's Assorted Antiques.
 47645 | Bazaar   | Found Hafia's Distillery.
 47658 | Bazaar   | Found Ucvexess's Magic Scroll Boutique.
 47661 | Bazaar   | Found Tos Joic's Assorted Antiques.
 47677 | Bazaar   | Bought a scroll of acquirement for 572 gold pieces
 47677 | Bazaar   | Acquired the +3 Elemental Staff {ele, rElec rF+ rC+ AC+3}
 47677 | Bazaar   | Found the +3 Elemental Staff {ele, rElec rF+ rC+ AC+3}
 47680 | Bazaar   | Bought a scroll of teleportation for 33 gold pieces
 47680 | Bazaar   | Bought a scroll of teleportation for 33 gold pieces
 47680 | Bazaar   | Bought a scroll of blinking for 82 gold pieces
 47680 | Bazaar   | Bought a scroll of teleportation for 33 gold pieces
 47686 | Bazaar   | Bought a potion of magic for 240 gold pieces
 47686 | Bazaar   | Bought a potion of brilliance for 120 gold pieces
 47700 | Bazaar   | Bought a potion of resistance for 140 gold pieces
 47700 | Bazaar   | Bought a potion of curing for 42 gold pieces
 47700 | Bazaar   | Bought a potion of curing for 42 gold pieces
 47700 | Bazaar   | Bought a potion of heal wounds for 70 gold pieces
 47700 | Bazaar   | Bought 2 potions of magic for 224 gold pieces
 47709 | Bazaar   | Bought a potion of cancellation for 144 gold pieces
 47954 | Elf:2    | Found a runed translucent gate.
 47954 | Elf:2    | Found a runed translucent gate.
 47965 | Elf:2    | Found a runed translucent gate.
 48347 | Elf:2    | Reached skill level 13 in Fighting
 48429 | Elf:2    | Reached XP level 19. HP: 163/163 MP: 13/35
 48474 | Elf:2    | Offered knowledge of Fire Storm by Vehumet.
 48474 | Elf:2    | Offered knowledge of Shatter by Vehumet.
 48474 | Elf:2    | Offered knowledge of Chain Lightning by Vehumet.
 48937 | Elf:3    | Entered Level 3 of the Elven Halls
 49299 | Elf:3    | Found Wank's Distillery.
 49302 | Elf:3    | Bought a potion of heal wounds for 55 gold pieces
 49610 | Abyss:3  | Cast into level 3 of the Abyss (a deep elf sorcerer)
 49628 | Abyss:3  | Noticed a bone dragon
 49663 | Abyss:3  | Found a corrupted altar of Lugonu.
 49670 | Elf:3    | Escaped the Abyss
 49747 | Elf:3    | Reached skill level 10 in Shields
 50025 | Elf:3    | Identified the ring "Pasuc" {rF- rN+ Will+ MP+9}
 50072 | Elf:3    | Found the +6 shillelagh "Devastator" {shatter}
 50092 | Elf:3    | Identified the ring "Dyst" {*Corrode EV+5 Str+5 Slay+6}
 50125 | Elf:3    | Identified the +3 ring mail of the Comet {Rampage}
 50135 | Elf:3    | Identified the +10 long sword "Zuokhlan" {drain, *Noise rC+
                  | rN++}
 50141 | Elf:3    | Identified the +0 robe of Whack-A-Mole {rCorr}
 50144 | Elf:3    | Identified the +4 morningstar "Uthrus" {elec, rF+}
 50170 | Elf:3    | Identified the amulet "Axoludy" {Reflect -Tele Regen+ rCorr
                  | Dex+3 SH+5}
 50197 | Elf:3    | Got odd book
 50203 | Elf:3    | Got a glossy book
 50210 | Elf:3    | Got a conspicuous book
 50839 | Vaults:1 | Entered Level 1 of the Vaults
 50841 | Vaults:1 | Reached skill level 1 in Evocations
 50918 | Vaults:1 | Found a flickering gateway to a bazaar.
 50930 | Bazaar   | Entered a bazaar
 50931 | Bazaar   | Found Bameutac's Book Shop.
 50939 | Bazaar   | Found Yklaibb's General Store.
 50958 | Bazaar   | Found Oppoadgh's Jewellery Boutique.
 50966 | Bazaar   | Found Jauhew's Magic Scroll Emporium.
 50976 | Bazaar   | Found Buen's Armour Emporium.
 51014 | Bazaar   | Bought a manual of Fighting for 880 gold pieces
 51243 | Vaults:1 | Identified the +10 lajatang of Turmoil {freeze, Fly rElec
                  | rPois}
 51357 | Vaults:1 | Reached skill level 14 in Fighting
 52244 | Vaults:1 | Reached XP level 20. HP: 155/176 MP: 4/37
 53003 | Vaults:2 | Reached skill level 15 in Fighting
 53120 | Vaults:2 | Found Pogg's Book Emporium.
 53803 | Vaults:2 | Found a staircase to the Crypt.
 54641 | Vaults:3 | Reached skill level 16 in Fighting
 55329 | Vaults:3 | Found Volo's Book Shop.
 55398 | Vaults:3 | Paralysed by a sphinx for 4 turns
 56124 | Vaults:4 | Reached skill level 5 in Evocations
 56205 | Vaults:4 | Reached XP level 21. HP: 190/190 MP: 7/38
 56206 | Vaults:4 | Reached skill level 17 in Fighting
 57598 | Vaults:4 | Identified the ring "Qohuthre" {MP+9 Dex+6}
 57599 | Vaults:4 | Reached skill level 1 in Translocations
 57648 | Vaults:4 | Identified the +0 ring mail of the Elven Halls {rElec
                  | Dex+3}
 58233 | Snake:1  | Reached skill level 18 in Fighting
 59301 | Snake:2  | Reached skill level 15 in Ice Magic
 59505 | Snake:2  | Found Qig Zacymo's Distillery.
 59944 | Snake:3  | Found Joipp's Self-Improvement Boutique.
 60010 | Snake:3  | Found a runed translucent door.
 60010 | Snake:3  | Found a shimmering altar of Xom.
 60010 | Snake:3  | Noticed Rayk's ghost (journeyman FeSh)
 60530 | Snake:3  | Killed Rayk's ghost
 60534 | Snake:3  | Identified the +0 chain mail "Qooleitt" {+Blink Dex+5}
 60537 | Snake:3  | Identified the +1 spear of Yclup {speed, rElec Dex+4
                  | Stlth-}
 60565 | Snake:4  | Entered Level 4 of the Snake Pit
 60570 | Snake:4  | Reached skill level 15 in Earth Magic
 60839 | Snake:4  | Noticed Kirke
 60851 | Snake:4  | Killed Kirke
 60892 | Snake:4  | Noticed Donald
 60897 | Snake:4  | Killed Donald
 60931 | Snake:4  | Noticed Roxanne
 60935 | Snake:4  | Killed Roxanne
 61274 | Snake:4  | Reached XP level 22. HP: 188/204 MP: 4/40
 61633 | Snake:4  | Reached skill level 19 in Fighting
 61891 | Snake:4  | Got a serpentine rune of Zot
 62237 | Depths:1 | Entered Level 1 of the Depths
 62407 | Depths:1 | Found a white marble altar of Elyvilon.
 62694 | Depths:1 | Identified the +4 sling "Fuehagh" {heavy, Stlth+}
 63240 | Depths:1 | Found a gateway to Hell.
 63603 | Depths:2 | Noticed Nikola
 63610 | Depths:2 | Killed Nikola
 63702 | Depths:2 | Identified the ring of Nuemutau {Ice Will+ Dex+3}
 63702 | Depths:2 | Noticed Josephina
 63766 | Depths:2 | Reached skill level 1 in Staves
 63780 | Depths:2 | Killed Josephina
 63932 | Depths:2 | Learned a level 6 spell: Leda's Unmaking
 63964 | Depths:2 | Found a one-way gate leading to the halls of Pandemonium.
 64009 | Depths:2 | Found a one-way gateway to a ziggurat.
 64009 | Depths:2 | Noticed a dread lich
 64022 | Depths:2 | Killed a dread lich
 64408 | Depths:2 | Identified the +5 plate armour of Parts Unknown {rC+ Slay+2
                  | Stlth-}
 64597 | Depths:2 | Identified the +0 scale mail of Tortelloni {Fly rC+ Dex+2}
 65112 | Depths:3 | Found a large runed translucent door.
 65114 | Depths:3 | Found a large runed translucent door.
 65430 | Depths:3 | Found a large runed translucent door.
 65453 | Depths:3 | Found a large runed translucent door.
 65454 | Depths:3 | Found a large runed translucent door.
 65530 | Depths:3 | Reached skill level 5 in Translocations
 65935 | Depths:3 | Found Hokoj's Weapon Shoppe.
 65961 | Depths:3 | Gained mutation: You are clumsy. (Dex -2) [a neqoxec]
 66106 | Depths:3 | Found a large runed translucent door.
 66107 | Depths:3 | Found a large runed translucent door.
 66286 | Depths:2 | Reached XP level 23. HP: 202/215 MP: 28/41
 66462 | Depths:3 | Found a large runed translucent door.
 66882 | Depths:3 | Got a droning book
 66883 | Depths:3 | Identified the staff "Ifoif" {*Corrode rPois rC+ Stlth+
                  | Ice}
 66889 | Depths:3 | Identified the +1 pair of boots of Duaskom {rC+ Str-5 SInv}
 66975 | Depths:4 | Entered Level 4 of the Depths
 67054 | Depths:4 | Noticed a caustic shrike
 67057 | Depths:4 | Noticed a caustic shrike
 67058 | Depths:4 | Noticed a caustic shrike
 67068 | Depths:3 | Killed a caustic shrike
 67310 | Depths:3 | Killed a caustic shrike
 67353 | Depths:4 | Killed a caustic shrike
 67354 | Depths:4 | Reached skill level 20 in Fighting
 67662 | Depths:4 | Found Wiylih's Book Emporium.
 67663 | Depths:4 | Found Sivep's Jewellery Boutique.
 67664 | Depths:4 | Found Woba's Book Emporium.
 68197 | Depths:4 | Found a gate to the Realm of Zot.
 68930 | Slime:1  | Entered Level 1 of the Pits of Slime
 69244 | Slime:1  | Reached skill level 15 in Spellcasting
 69469 | Slime:1  | Reached skill level 15 in Conjurations
 69503 | Slime:3  | Noticed Dissolution
 69513 | Slime:3  | Killed Dissolution
 69839 | Slime:4  | Reached skill level 5 in Staves
 70027 | Slime:4  | Gained mutation: Your spells are a little easier to cast,
                  | but a little less powerful. [a shining eye]
 70061 | Slime:5  | Entered Level 5 of the Pits of Slime
 70471 | Slime:5  | Reached XP level 24. HP: 226/226 MP: 8/42
 70624 | Slime:5  | Noticed the Royal Jelly
 70636 | Slime:5  | Killed the Royal Jelly
 70756 | Slime:5  | Identified the +1 short sword of Overwhelming Force
                  | {freeze, rN+}
 70770 | Slime:5  | Found the +8 storm bow {elec, penet}
 70836 | Slime:5  | Acquired 961 gold pieces
 70841 | Slime:5  | Identified the +9 scimitar of Nolo Contendere {flame, Drain
                  | rElec rPois Str+3}
 70939 | Slime:5  | Found the +12 glaive of Prune {freeze, Prune}
 70955 | Slime:5  | Got a ragged book
 70959 | Slime:5  | Got a slimy rune of Zot
 70967 | Slime:5  | Got leatherbound book
 72230 | Vaults:4 | Learned a level 9 spell: Shatter
 72231 | Vaults:5 | Entered Level 5 of the Vaults
 72231 | Vaults:5 | Noticed a dread lich
 72238 | Vaults:5 | Reached skill level 21 in Fighting
 72429 | Vaults:4 | Killed a dread lich
 72982 | Vaults:5 | Got a silver rune of Zot
 72988 | Vaults:5 | Identified the +6 rapier of Overwhelming Force {elec, *Slow
                  | rN+ rCorr Int+3}
 73239 | Vaults:5 | Noticed a dread lich
 73254 | Vaults:4 | Killed a dread lich
 73503 | Vaults:5 | Got a loosely-bound book
 73570 | Vaults:5 | Got rare book
 73604 | Vaults:5 | Identified the staff "Zauhoopn" {rElec rN++ Dex+3 Air}
 73674 | Vaults:5 | Identified the staff of the Three Wishes {rElec rC+ Ice}
 74021 | Vaults:5 | Identified the +1 dagger "Qevipn" {flame, Fly rCorr Str+3
                  | Dex-2}
 74511 | Zot:1    | Entered Level 1 of the Realm of Zot
 74653 | Zot:1    | Reached XP level 25. HP: 234/237 MP: 22/42
 74895 | Zot:1    | Reached skill level 15 in Dodging
 75417 | Zot:1    | Noticed Grunn
 75426 | Zot:1    | Killed Grunn
 75541 | Zot:1    | Reached skill level 22 in Fighting
 75853 | Zot:1    | Noticed Vv
 75877 | Zot:1    | Killed Vv
 77789 | Zot:3    | Identified the +3 sling "Wuguil" {freeze, rF- rCorr MP+9
                  | Dex-2}
 78118 | Zot:2    | Upgraded the game from 0.31-a0-774-g0d66cbabe8 to
                  | 0.31-a0-795-g5eb97db20b
 80804 | Zot:4    | Reached XP level 26. HP: 220/249 MP: 22/43
 80839 | Zot:4    | Noticed an orb of fire
 80845 | Zot:4    | Killed an orb of fire
 81187 | Zot:4    | Identified the +5 dagger "Jelly's Foe" {protect, Dex+3}
 81395 | Zot:4    | Reached skill level 23 in Fighting
 81526 | Zot:4    | Identified the +0 leather armour of the Five Deaths {rC+}
 81611 | Zot:5    | Entered Level 5 of the Realm of Zot
 81632 | Zot:5    | Reached skill level 15 in Shields
 82179 | Zot:5    | Noticed an orb of fire
 82299 | Zot:5    | Noticed an orb of fire
 82394 | Zot:4    | Killed an orb of fire
 82501 | Zot:5    | Noticed an orb of fire
 82512 | Zot:5    | Gained mutation: You sometimes lose your temper in combat.
                  | [an orb of fire]
 82512 | Zot:5    | Gained mutation: You are very clumsy. (Dex -4) [an orb of
                  | fire]
 82520 | Zot:4    | Gained mutation: You occasionally shout uncontrollably at
                  | your foes. [an orb of fire]
 82522 | Zot:4    | Gained mutation: You are very dopey. (Int -4) [an orb of
                  | fire]
 82526 | Zot:4    | Killed an orb of fire
 82658 | Zot:5    | Noticed an orb of fire
 82686 | Zot:5    | Noticed an ancient lich
 82686 | Zot:5    | Noticed an ancient lich
 82688 | Zot:5    | Noticed an orb of fire
 82768 | Zot:5    | Killed an ancient lich
 82768 | Zot:5    | Gained mutation: Your spells are easier to cast, but less
                  | powerful. [an orb of fire]
 82970 | Zot:4    | Gained mutation: You have an uncontrollable temper. [an orb
                  | of fire]
 82976 | Zot:3    | Lost mutation: Your spells are easier to cast, but less
                  | powerful. [an orb of fire]
 82983 | Zot:3    | Gained mutation: You occasionally lose the ability to drink
                  | potions when taking damage. [an orb of fire]
 82989 | Zot:3    | Gained mutation: You occasionally lose the ability to read
                  | scrolls when taking damage. [an orb of fire]
 82990 | Zot:3    | Killed an orb of fire
 83188 | Zot:5    | Noticed a dread lich
 83189 | Zot:5    | Gained mutation: You are frail. (-10% HP) [an orb of fire]
 83319 | Zot:4    | Lost mutation: You have an uncontrollable temper. [an orb
                  | of fire]
 83321 | Zot:4    | Killed an orb of fire
 83322 | Zot:4    | Reached skill level 10 in Staves
 83369 | Zot:4    | Killed an orb of fire
 83472 | Zot:4    | Killed a dread lich
 83806 | Zot:5    | Killed an ancient lich
 83934 | Zot:5    | Noticed an orb of fire
 83943 | Zot:5    | Killed an orb of fire
 84192 | Zot:5    | Noticed an orb of fire
 84524 | Zot:5    | Killed an orb of fire
 84849 | Zot:5    | Got the Orb of Zot
 84948 | Zot:3    | Noticed Giqo the pandemonium lord
 85394 | D:3      | Noticed an ancient lich
 85488 | D:$      | Escaped with the Orb!

Illustrated notes

Levels and vault maps discovered:
D:1:      nicolae_arrival_washed_ashore, layout_basic, st_stairs_7,
          minmay_misc_feat_tiny, hex_large, minmay_worlds_worst_comb
D:2:      layout_basic
D:3:      layout_basic, mainiacjoe_overflow_catch_the_wave,
          gammafunk_ghost_abyssal_escape, uniq_crazy_yiuf_cottage
D:4:      layout_basic
D:5:      layout_basic, grunt_temple_overflow_holy_war,
          mainiacjoe_overflow_big_doors, nicolae_gozag_seed_capital,
          sigmund_edmund_badplayer, uniq_blork_the_orc, uniq_edmund,
          uniq_eustachio, uniq_grinder
D:6:      layout_cave_pools, minmay_temple_entry_antechambers,
          serial_gnoll_camp, gnoll_camp_medium_01, gnoll_camp_mini_basic,
          gnoll_camp_mini_doghouse, gnoll_camp_mini_basic,
          gnoll_camp_mini_sergeant
D:7:      minmay_klotski, layout_rooms
D:8:      minmay_octagon_keep, layout_loops_corners, minitemple, enter_bailey_1,
          serial_shops, nicolae_shop_hallway_stairs,
          hangedman_abyss_or_decor_stagger
D:9:      dragon1_lemuel, layout_small_grid, marbit_many_paths,
          david_lair_generic, nicolae_lava_and_water
D:10:     layout_layer_cave, hellmonk_ghost_happy_afterlife, st_stairs_11
D:11:     layout_layer_cave, erik_orc_2, serial_shops,
          nicolae_shop_tiny_statue_garden, nicolae_shop_statue_plus, shop,
          shop_statue, st_stairs_2
D:12:     nicolae_cairo_tiling_large, layout_irregular_city,
          ebering_ghost_reflecting_pool, minmay_lizard_king
D:13:     layout_roguey
D:14:     layout_gridville, hellmonk_vaults_keyhole, special_room
          [special_room_bee], hangedman_decor_growths,
          nicolae_elevator_lobby_plus, uniq_azrael
D:15:     hellmonk_depths_entry_around_the_bend, layout_irregular_city,
          yredelemnul_altar_generic, uniq_louise
Temple:   cyrus_temple_forest
Lair:1:   layout_cave_pods, ebering_ghost_inner_flame, lemuel_fruit_tree,
          grunt_megastairs_1, uniq_joseph
Lair:2:   layout_hall_layers, uniq_harold
Lair:3:   layout_chaotic_city, shoals_dummy_entry, dummy_snake_entry,
          gauntlet_entry_generic, minmay_lair_oklob_items,
          infiniplex_staircase_pool
Lair:4:   layout_cave_pods, dpeg_slime_entry_corner, portal_ice_cave_entry_imps,
          st_stairs_3, serial_bayou_shore_a
Lair:5:   cheibrodos_lair_end_hotspot, layout_regular_city
Shoals:1: nicolae_shoals_lighthouse, layout_shoals, serial_shops,
          nicolae_shop_drivethru
Shoals:2: layout_shoals, nicolae_shoals_seven_spires
Shoals:3: layout_shoals, uniq_mlioglotl
Shoals:4: shoals_end_hellmonk_holy_island, uniq_polyphemus
Snake:1:  layout_layer_cave, uniq_aizul, uniq_asterion
Snake:2:  layout_rooms, nicolae_snake_salamander_jacuzzi, grunt_megastairs_2,
          minmay_shop_star
Snake:3:  layout_onion_interference, ebering_ghost_xom, nicolae_shop_self_help,
          serial_bayou_shore_b
Snake:4:  snake_pit, layout_onion_interference, uniq_donald, uniq_kirke,
          uniq_roxanne
Slime:1:  layout_caves
Slime:2:  nicolae_slime_infinislime, layout_caves
Slime:3:  layout_caves, cheibrodos_slime_lost_civilization_6, uniq_dissolution
Slime:4:  layout_caves
Slime:5:  slime_pit_nicolae_block_by_block
Orc:1:    layout_caves, basic_altar
Orc:2:    hellmonk_orc_salted, layout_diamond_mine, lightli_church_of_beogh
Elf:1:    eino_elf_arrival_shootout, layout_loops_corners, serial_shops, shop,
          evilmike_minifort, minivault_16
Elf:2:    nicolae_elf_blades_splatter_lattice [nicolae_blade_entry_pointy_end],
          layout_loops_cross, serial_shops, bzr_entry_islet,
          nicolae_stop_n_shop_1, evilmike_ambush [evilmike_ambush_outer_pillars,
          evilmike_ambush_inner_basic]
Elf:3:    minmay_elf_hall_circle, layout_geoelf_diagonals, serial_shops, shop
Vaults:1: nicolae_vaults_closet_pinwheel_6, vaults_dpeg_emergency_exit,
          v_misc_31, v_misc_27, nicolae_vaults_what_the_h,
          hangedman_vaults_trim, hangedman_vaults_restitches,
          nicolae_vaults_tangram_1, nicolae_vaults_house_1,
          layout_vaults_omnigrid, serial_shops, bzr_entry_customers
Vaults:2: nicolae_vaults_storage_closets_3, nicolae_vaults_tetromino_L_2,
          nicolae_vaults_closet_pinwheel_4, v_alt_pattern_3, v_rooms_1,
          v_misc_27, hangedman_vaults_trim, nicolae_vaults_network_barrier,
          nicolae_vaults_trapezoid_4, nicolae_vaults_an_arrangement,
          nicolae_vaults_little_squares_6, ontoclasm_vaults_twist,
          nicolae_vaults_rhombus_6, layout_vaults_ring,
          minmay_crypt_entry_simple_box, serial_shops,
          nicolae_shop_rolling_square
Vaults:3: v_misc_28, ontoclasm_vaults_misaligned, v_misc_30,
          nicolae_vaults_theta, grunt_vaults_focal, v_misc_17,
          nicolae_vaults_variable_pillar_hall, nicolae_vaults_three_branches,
          ontoclasm_vaults_decontamination, hangedman_vaults_cutoff,
          vaults_mumra_lcd, layout_vaults_big_room, serial_shops,
          nicolae_shop_window_shopping
Vaults:4: v_misc_30, ontoclasm_vaults_ring_small, grunt_vaults_hallway_long,
          nicolae_vaults_bisected_exclaves, v_rooms_5, vaults_room_boxed,
          v_misc_17, nicolae_vaults_tetromino_T_2,
          nicolae_vaults_closet_pinwheel_2, nicolae_vaults_little_ls,
          nicolae_vaults_storing_the_good_stuff, nicolae_vaults_bisected_slash,
          nicolae_vaults_more_shelving_1, ontoclasm_vaults_idyll,
          ontoclasm_vaults_loading_screen, ontoclasm_vaults_gateway,
          layout_vaults_omnibox
Vaults:5: serial_shops
Depths:1: layout_cave_shapes, grunt_hell_entry_dis_grunt,
          hangedman_decor_lopped, drop_trap, elyvilon_altar_3
Depths:2: hangedman_elemental_death_ray, layout_small_grid, enter_ziggurat_d,
          lightli_too_deep, chequers_serial_rivers_small_b,
          rand_demon_pan_entry_7, uniq_nikola, uniq_josephina
Depths:3: minmay_five_octagons, layout_gridville,
          chequers_serial_rivers_micro_a, rand_demon_pan_entry_5,
          hangedman_abyss_entry_splay, pf_vacation_house_of_asmodeus,
          serial_shops, nicolae_shop_waterfront
Depths:4: grunt_zot_entry_pinwheel, layout_basic, rand_demon_pan_entry_3,
          minmay_misc_feat_encased, hell_entry, chequers_decorated_corner,
          serial_sigils_hangedman_shear, minmay_shop_grove
Zot:1:    layout_basic, st_stairs_6, uniq_grunn, uniq_vv
Zot:2:    layout_onion_interference
Zot:3:    layout_basic, st_stairs_11
Zot:4:    layout_gridville, grunt_ministairs_4, grunt_megastairs_5
Zot:5:    layout_twisted_circle

Skill      XL: |  1  2  3  4  5  6  7  8  9 10 11 12 13 14 15 16 17 18 19 20 21 22 23 24 25 26 |
---------------+-------------------------------------------------------------------------------+-----
Stealth        | 2 3 4 6 7 8 9 10 | 10.7
Dodging        | 2 3 4 6 7 8 9 10 11 12 13 14 15 16 | 16.1
Transmutations | 2 3 4 6 7 8 9 10 11 12 | 12.6
Spellcasting   | 3 4 6 7 8 9 10 11 12 13 14 15 16 | 16.9
Earth Magic    | 4 5 6 7 8 9 10 12 13 14 15 16 17 18 | 18.1
Fighting       | 1 2 3 6 7 8 9 10 11 12 13 14 16 18 19 20 21 22 23 | 23.8
Conjurations   | 1 2 3 5 6 7 8 10 11 12 13 14 15 16 17 | 17.2
Ice Magic      | 1 3 6 7 8 9 10 11 12 13 14 15 16 17 18 19 | 19.2
Air Magic      | 1 |  1.8
Poison Magic   | 1 |  1.8
Shields        | 4 7 9 10 11 12 13 14 15 | 15.6
Hexes          | 3 4 5 6 |  6.2
Evocations     | 2 5 6 7 8 |  8.1
Translocations | 3 5 7 |  7.0
Staves         | 3 5 7 9 10 | 10.7

Action                     |  1- 3 |  4- 6 |  7- 9 | 10-12 | 13-15 | 16-18 | 19-21 | 22-24 | 25-27 || total
---------------------------+-------+-------+-------+-------+-------+-------+-------+-------+-------++-------
  Melee: Unarmed           |    42 |     7 |       |       |       |       |       |       |       ||    49
         Tailslap          |     7 |       |       |       |    11 |     8 |     6 |     8 |    23 ||    63
         Punch             |     1 |       |       |       |       |       |       |       |       ||     1
         Staff             |       |       |     1 |       |    38 |    41 |    18 |    32 |    86 ||   216
  Throw: Dart              |       |       |     1 |       |       |    12 |     2 |     1 |     5 ||    21
         Javelin           |       |       |       |       |       |     3 |       |       |     3 ||     6
         Throwing net      |       |       |       |       |       |       |       |       |     2 ||     2
   Cast: Sandblast         |    52 |   101 |   233 |    69 |   266 |    49 |       |     2 |     3 ||   775
         Stone Arrow       |       |       |     3 |    13 |   554 |   480 |   227 |    62 |    27 ||  1366
         Lee's Rapid Decon |       |       |       |       |    64 |   268 |   506 |   378 |   202 ||  1418
         Mephitic Cloud    |       |       |       |       |     6 |    34 |    24 |    12 |     9 ||    85
         Ignite Poison     |       |       |       |       |     2 |    19 |     8 |     4 |     6 ||    39
         Petrify           |       |       |       |       |     2 |       |       |       |       ||     2
         Blink             |       |       |       |       |     1 |     1 |     1 |     4 |     6 ||    13
         Ozocubu's Refrige |       |       |       |       |       |   127 |   128 |   240 |   106 ||   601
         Yara's Violent Un |       |       |       |       |       |     2 |     5 |     9 |     6 ||    22
         Lehudib's Crystal |       |       |       |       |       |     1 |    31 |    25 |   133 ||   190
         Leda's Unmaking   |       |       |       |       |       |       |       |   193 |   311 ||   504
         Shatter           |       |       |       |       |       |       |       |     1 |       ||     1
Ability: Breathe Frost     |       |       |       |     1 |    15 |    32 |    29 |    38 |    63 ||   178
  Evoke: Wand              |       |       |       |     1 |     7 |    23 |     6 |    24 |    42 ||   103
         Phantom mirror    |       |       |       |       |     1 |     1 |       |     1 |     1 ||     4
    Use: Scroll            |       |     1 |     3 |     4 |    19 |    16 |     4 |     3 |     8 ||    58
         Potion            |       |       |     1 |     2 |    12 |    16 |       |     5 |    15 ||    51
   Stab: Sleeping          |     1 |       |       |       |       |       |       |       |       ||     1
         Held in net/web   |       |       |       |       |       |       |       |       |     1 ||     1
 Armour: Skin              |    38 |    69 |   106 |    36 |   350 |   314 |   204 |   277 |   458 ||  1852
  Dodge: Dodged            |    59 |    34 |   125 |    43 |   415 |   395 |   160 |   260 |   276 ||  1767
  Block: Buckler           |       |       |       |       |       |   139 |    80 |   162 |   124 ||   505
         Reflection        |       |       |       |       |       |    31 |    15 |     9 |     2 ||    57

Table legend: (Time is in decaauts)
 A = Elapsed time spent in this place.
 B = Non-inter-level travel time spent in this place.
 C = Inter-level travel time spent in this place.
 D = Time resting spent in this place.
 E = Time spent auto-exploring this place.
 F = Levels seen in this place.
 G = Mean time per level.
                   A        B        C        D        E       F      G
               +--------+--------+--------+--------+--------+-----+--------+
         Total |  86411 |  80201 |   6210 |  10154 |  54991 |  59 | 1464.6 |
       Dungeon |  23433 |  20899 |   2534 |   1394 |  16311 |  15 | 1562.2 |
        Temple |     61 |     31 |     30 |      0 |      0 |   1 |   61.0 |
          Lair |   9538 |   8688 |    850 |    699 |   6798 |   5 | 1907.6 |
        Shoals |   8422 |   8116 |    306 |   2188 |   4618 |   4 | 2105.5 |
     Snake Pit |   4352 |   4087 |    265 |    204 |   3186 |   4 | 1088.0 |
    Slime Pits |   2872 |   2721 |    151 |    306 |   1783 |   5 |  574.4 |
  Orcish Mines |   4203 |   3957 |    246 |    843 |   2415 |   2 | 2101.5 |
   Elven Halls |   4473 |   4190 |    283 |    316 |   2902 |   3 | 1491.0 |
        Vaults |   9251 |   8754 |    497 |    758 |   6261 |   5 | 1850.2 |
        Depths |   6840 |   6319 |    521 |    751 |   4304 |   4 | 1710.0 |
           Zot |  10453 |   9930 |    523 |   2331 |   5080 |   5 | 2090.6 |
         Abyss |    853 |    853 |      0 |    255 |    282 |   2 |  426.5 |
        Bazaar |    240 |    240 |      0 |      0 |     84 |   2 |  120.0 |
        Bailey |    452 |    452 |      0 |      0 |    348 |   1 |  452.0 |
      Gauntlet |    962 |    962 |      0 |    107 |    616 |   1 |  962.0 |
               +--------+--------+--------+--------+--------+-----+--------+

Top non-repeatable levels by time:
    D:14: 3386 daAuts
Shoals:3: 2992 daAuts
   Orc:2: 2935 daAuts
  Lair:5: 2646 daAuts
   Zot:3: 2601 daAuts
Vaults:4: 2430 daAuts
   Zot:4: 2410 daAuts
Shoals:1: 2368 daAuts
     D:5: 2178 daAuts
  Lair:3: 2021 daAuts
Vaults:2: 2018 daAuts
   Zot:2: 1960 daAuts
  Lair:4: 1939 daAuts
   Zot:5: 1866 daAuts
  Lair:1: 1865 daAuts
